 Dungeon Crawl Stone Soup version 0.21-a0-450-gd87a9b2 (webtiles) character file.

365 Zeege the Firebug (level 6, -11/32 HPs)
             Began as a Gargoyle Fire Elementalist on Nov 19, 2017.
             Mangled by an ogre
             ... wielding a +0 giant club
              (16 damage)
             ... on level 4 of the Dungeon.
             The game lasted 00:18:19 (4089 turns).

Zeege the Firebug (Gargoyle Fire Elementalist)      Turns: 4089, Time: 00:18:19

Health: -11/32     AC:  7    Str: 12    XL:     6   Next: 68%
Magic:  1/10       EV: 12    Int: 17    God:
Gold:   138        SH:  0    Dex: 10    Spells: 3/11 levels left

rFire    . . .     SeeInvis .   k - +0 whip (elec)
rCold    . . .     Gourm    .   (no shield)
rNeg     + . .     Faith    .   a - +1 robe
rPois    ∞         Spirit   .   (no helmet)
rElec    +         Reflect  .   (no cloak)
rCorr    .         Harm     .   (no gloves)
MR       +....                  (no boots)
Stlth    ++........             (no amulet)
HPRegen  0.10/turn              A - ring of protection from magic
MPRegen  0.12/turn              (no ring)

@: no status effects
A: negative energy resistance 1, electricity resistance, unbreathing,
petrification resistance, rot immunity, AC +4
a: no special abilities


You were on level 4 of the Dungeon.
You were not hungry.

You visited 1 branch of the dungeon, and saw 4 of its levels.

You collected 138 gold pieces.

Inventory:

Hand Weapons
 d - a +0 dagger
 j - a +1 spear
 k - a +0 whip of electrocution (weapon)
 l - a +0 dagger of pain
Armour
 a - a +1 robe (worn)
 q - a scarf of spirit shield
 v - a +1 plate armour of fire resistance
Jewellery
 A - a ring of protection from magic (left hand)
Scrolls
 e - a scroll of amnesia
 h - 2 scrolls of enchant armour
 i - a scroll of enchant weapon
 m - 3 scrolls of identify
 r - 2 scrolls of teleportation
 s - a scroll of recharging
 t - a scroll of remove curse
Potions
 n - a potion of might {unknown}
 u - a potion of flight {unknown}
 w - a potion of mutation {unknown}
 z - a potion of invisibility {unknown}
Books
 b - a book of Flames

   Spells                             Type                      Level
   a - Flame Tongue                   Conjuration/Fire             1
   b - Throw Flame                    Conjuration/Fire             2
   c - Conjure Flame                  Conjuration/Fire             3
   d - Inner Flame                    Hexes/Fire                   3
   e - Sticky Flame                   Conjuration/Fire             4
   f - Fireball                       Conjuration/Fire             5
Comestibles
 c - 4 bread rations
 f - 5 meat rations
 g - 13 chunks of flesh
 p - a royal jelly


   Skills:
 - Level 0.1 Short Blades
 - Level 1.5 Dodging
 - Level 2.1 Stealth
 + Level 3.3 Spellcasting
 * Level 4.0 Conjurations
 * Level 5.4 Fire Magic


You had 3 spell levels left.
You knew the following spells:

 Your Spells              Type           Power        Failure   Level  Hunger
a - Flame Tongue          Conj/Fire      ###..        2%          1    None
b - Conjure Flame         Conj/Fire      ###.....     7%          3    ###....
c - Sticky Flame          Conj/Fire      ###.....     24%         4    ####...


Dungeon Overview and Level Annotations

Branches:
Dungeon (4/15)
 Temple: D:4-7

Altars:

Annotations:
D:3 Scuka's ghost, amateur BaSu


Innate Abilities, Weirdness & Mutations

You are resistant to torment.
Your stone body is resilient. (AC +4)
You are immune to poison.
You resist negative energy. (rN+)
You are resistant to electric shocks. (rElec)
You can survive without breathing.
You are immune to petrification.
You are immune to rotting.


Message History

* * * LOW HITPOINT WARNING * * *
You barely miss the ogre.
The ogre is severely wounded.
Casting: Flame Tongue
Confirm with . or Enter, or press ? or * to list all spells.
Aiming: Flame Tongue
Press: ? - help, Shift-Dir - straight line, f/p - ogre
Aim: an ogre, wielding a giant club (severely wounded)
The flame tongue hits the ogre.
The ogre is almost dead.
The ogre hits you but does no damage.
You barely miss the ogre.
The ogre is almost dead.
The ogre hits you with a giant club.
* * * LOW HITPOINT WARNING * * *
You hit the ogre but do no damage.
The ogre is almost dead.
The ogre hits you with a giant club!
Ouch! That really hurt!
You die...

...## #(....#
#.........# ...#
####### #.........#
#.## #......#### #.#
####### ###....# #.#
#....(#### #....#
#.# #.....##.##
#.#### #.#
#.......(.# #.#
#.####.....##.####.#
#..........##.))@O.#
######.....#########
#.....# #######


You could see an ogre.

Vanquished Creatures
  An orc wizard (D:3)
  A hound (D:4)
  2 orc priests
  A gnoll (D:1)
  11 adders
  3 oozes
  3 worms
  4 dart slugs
  6 leopard geckos
  11 orcs
  2 ball pythons
  7 bats
  8 giant cockroaches
  8 goblins
  6 hobgoblins
  2 jackals (D:1)
  7 kobolds
  A quokka (D:2)
  6 frilled lizards
  12 rats
102 creatures vanquished.

Notes
Turn   | Place    | Note
-------+----------+-------------------------------------------
     0 | D:1      | Zeege the Gargoyle Fire Elementalist began the quest for the Orb.
     0 | D:1      | Reached XP level 1. HP: 10/10 MP: 3/3
   107 | D:1      | Reached XP level 2. HP: 9/15 MP: 0/5
   447 | D:1      | Reached XP level 3. HP: 19/19 MP: 2/6
   911 | D:1      | Reached skill level 4 in Fire Magic
  1037 | D:1      | Reached XP level 4. HP: 24/24 MP: 5/7
  1903 | D:2      | Reached XP level 5. HP: 15/28 MP: 4/9
  3212 | D:3      | Learned a level 3 spell: Conjure Flame
  3309 | D:3      | Reached skill level 5 in Fire Magic
  3309 | D:3      | Reached XP level 6. HP: 32/32 MP: 7/10
  3508 | D:3      | Noticed Scuka's ghost (amateur BaSu)
  3987 | D:4      | Learned a level 4 spell: Sticky Flame
  4089 | D:4      | Mangled by an ogre

Vault maps used:
D:1:      erik_arrival_gehennom, serial_forest, infiniplex_forest_lined_3,
          infiniplex_forest_straight_3, infiniplex_forest_split,
          infiniplex_forest_clump_diagonal, infiniplex_forest_lined_room_2,
          infiniplex_forest_side_room, infiniplex_forest_lined_3,
          infiniplex_forest_end_3, infiniplex_forest_lined_2
D:3:      kb_forest_paths
D:4:      first_bread, uniq_duvessa

Skill      XL: |  1  2  3  4  5  6 |
---------------+-------------------+-----
Fire Magic     | 4 5 |  5.4
Conjurations   | 2 3 4 |  4.0
Spellcasting   | 3 |  3.3
Short Blades   | |  0.1
Dodging        | |  1.5
Stealth        | |  2.1

Action                   |  1- 3 |  4- 6 || total
-------------------------+-------+-------++-------
Melee: Unarmed           |    12 |       ||    12
       Dagger            |    10 |       ||    10
       Spear             |     3 |    25 ||    28
       Whip              |       |    30 ||    30
 Cast: Flame Tongue      |    48 |   138 ||   186
       Conjure Flame     |       |     3 ||     3
  Use: Scroll            |       |    13 ||    13
 Stab: Sleeping          |     1 |     2 ||     3
  Eat: Chunk             |     1 |    10 ||    11
Armor: Robe              |    13 |    35 ||    48
Dodge: Dodged            |    19 |    59 ||    78

Table legend:
 A = Spawn XP
 B = Non-spawn XP
 C = Spawn XP percentage of total XP
 D = Spawn monster count
 E = Non-spawn monster count
 F = Spawn count percentage of total count
 G = Total turns spent on level
                    A         B        C        D         E        F      G
               +---------+---------+-------+---------+---------+-------+---------
         Total |       0 |     522 |   0.0 |       0 |     102 |   0.0 |  4089
               +---------+---------+-------+---------+---------+-------+---------
           D:1 |       0 |      83 |   0.0 |       0 |      30 |   0.0 |  1297
           D:2 |       0 |     113 |   0.0 |       0 |      25 |   0.0 |  1362
           D:3 |       0 |     197 |   0.0 |       0 |      37 |   0.0 |  1143
           D:4 |       0 |     129 |   0.0 |       0 |      10 |   0.0 |   287
               +---------+---------+-------+---------+---------+-------+---------
